 Dungeon Crawl Stone Soup version 0.25.1-2-g60ff931df9 (webtiles) character file.

Game seed: 4254682363676945998

693 Cazemata the Cleaver (level 7, -3/57 HPs)
             Began as a Minotaur Berserker on Nov 18, 2020.
             Was a Priest of Trog.
             Shot with an arrow by a centaur (4 damage)
             ... on level 5 of the Dungeon.
             The game lasted 00:10:45 (4153 turns).

Cazemata the Cleaver (Minotaur Berserker)           Turns: 4153, Time: 00:10:45

Health: -3/57      AC: 11    Str: 22    XL:     7   Next: 37%
Magic:  6/6        EV: 11    Int:  6    God:    Trog [***...]
Gold:   251        SH:  0    Dex: 15    Spells: 6/6 levels left

rFire    . . .     SeeInvis .   a - +1 hand axe
rCold    . . .     Gourm    .   (no shield)
rNeg     . . .     Faith    .   n - +4 scale mail
rPois    .         Spirit   .   (helmet restricted)
rElec    .         Reflect  .   q - +0 cloak
rCorr    .         Harm     .   (no gloves)
MR       .....                  (no boots)
Stlth    ..........             (no amulet)
HPRegen  0.19/turn              d - +6 ring of dexterity
MPRegen  0.10/turn              (no ring)

@: no status effects
A: retaliatory headbutt, horns 2
a: Berserk, Trog's Hand, Renounce Religion


You were on level 5 of the Dungeon.
You worshipped Trog.
Trog was most pleased with you.
You were hungry.

You visited 1 branch of the dungeon, and saw 5 of its levels.

You collected 251 gold pieces.

Inventory:

Hand Weapons
 a - a +1 hand axe (weapon)
Armour
 k - a +1 leather armour
 m - a +2 kite shield
 n - a +4 scale mail (worn)
 q - a +0 cloak (worn)
Jewellery
 d - a +6 ring of dexterity (left hand)
 f - an uncursed ring of ice
 h - an uncursed amulet of faith
Scrolls
 e - 2 scrolls of teleportation
 o - 2 scrolls of fear
 p - 3 scrolls of remove curse
Potions
 b - a potion of brilliance {unknown}
 g - 2 potions of degeneration {unknown}
 i - a potion of berserk rage {unknown}
 j - a potion of magic {unknown}
 l - a potion of might {unknown}
 r - a potion of curing {unknown}
Comestibles
 c - 6 rations


   Skills:
 - Level 3.6 Fighting
 * Level 10.3 Axes
 - Level 2.4 Armour
 - Level 2.1 Dodging


You had 6 spell levels left.
You didn't know any spells.
Your spell library was empty.

Dungeon Overview and Level Annotations

Branches:
Dungeon (5/15)
 Temple: D:4-7

Altars:

Shops:
D:5 (


Innate Abilities, Weirdness & Mutations

You reflexively headbutt those who attack you in melee.
You have a pair of horns on your head.


Message History

You headbutt the bush, but do no damage.
The bush is heavily damaged.
The centaur shoots an arrow.
The arrow hits you.
* * * LOW HITPOINT WARNING * * *
You hit the bush but do no damage.
The bush is heavily damaged.
The centaur shoots an arrow.
The arrow hits you.
* * * LOW HITPOINT WARNING * * *
You hit the bush but do no damage.
The bush is heavily damaged.
The centaur shoots an arrow.
The arrow hits you.
* * * LOW HITPOINT WARNING * * *
You hit the bush but do no damage.
The bush is heavily damaged.
The centaur shoots an arrow.
The arrow completely misses you.
You hit the bush but do no damage.
You headbutt the bush, but do no damage.
The bush is heavily damaged.
The centaur shoots an arrow.
The arrow hits you.
You die...

... ≈≈≈ ≈.≈ #.#
#$# #c# ###P##
##..@.#
#####.#...#
#......(..#
.........##
#.###....$#####
#...(......
#.#.#######
#.#.# ..#.#


You could see a centaur.

Vanquished Creatures
  Prince Ribbit (D:5)
  An ogre (D:3)
  Blork the orc (D:5)
  A hound (D:4)
  An orc wizard (D:5)
  Crazy Yiuf (D:4)
  3 worker ants
  6 adders
  An ooze (D:3)
  2 adder skeletons
  7 worms
  3 leopard geckos
  10 orcs
  10 bats
  A giant cockroach (D:1)
  12 hobgoblins
  4 quokkas
  A ball python (D:2)
  3 frilled lizards
  5 goblins
  11 kobolds
  A quokka skeleton (D:5)
  10 rats
96 creatures vanquished.

Notes
Turn   | Place    | Note
-------+----------+-------------------------------------------
     0 | D:1      | Cazemata the Minotaur Berserker began the quest for the
                  | Orb.
     0 | D:1      | Reached XP level 1. HP: 19/19 MP: 0/0
    31 | D:1      | Reached skill level 4 in Axes
    41 | D:1      | Reached XP level 2. HP: 15/26 MP: 1/1
   396 | D:1      | Reached skill level 5 in Axes
   444 | D:1      | Reached XP level 3. HP: 13/31 MP: 2/2
   754 | D:1      | Reached ** piety under Trog
  2054 | D:3      | Reached skill level 6 in Axes
  2054 | D:3      | Reached XP level 4. HP: 39/39 MP: 3/3
  2195 | D:3      | Noticed an ogre
  2206 | D:3      | Killed an ogre
  2206 | D:3      | Reached skill level 7 in Axes
  2206 | D:3      | Reached XP level 5. HP: 12/45 MP: 4/4
  2462 | D:3      | Reached *** piety under Trog
  2867 | D:4      | Reached skill level 8 in Axes
  2897 | D:4      | Reached XP level 6. HP: 45/51 MP: 5/5
  3018 | D:4      | Found a runed translucent door.
  3019 | D:4      | Noticed Crazy Yiuf
  3769 | D:4      | Killed Crazy Yiuf
  3810 | D:5      | Entered Level 5 of the Dungeon
  3830 | D:5      | Reached skill level 9 in Axes
  3855 | D:5      | Noticed Prince Ribbit
  3879 | D:5      | Found Gixtimit's Weapon Boutique.
  3884 | D:5      | Killed Prince Ribbit
  3884 | D:5      | Reached skill level 10 in Axes
  3884 | D:5      | Reached XP level 7. HP: 31/57 MP: 6/6
  4058 | D:5      | Noticed Blork the orc
  4065 | D:5      | Killed Blork the orc
  4149 | D:5      | HP: 2/57 [centaur/arrow (5)]
  4153 | D:5      | Shot with an arrow by a centaur

Illustrated notes

Levels and vault maps discovered:
D:1:      scummos_arrival_hexagon, layout_rooms, roderic_roman_lattice
D:2:      layout_loops_corners
D:3:      layout_basic, minmay_misc_feat_diagonals, nrook_campfire
D:4:      layout_loops_corners, uniq_crazy_yiuf_cottage
D:5:      layout_loops_corners, lemuel_doored_altar, enter_ossuary_4,
          serial_shops, shop_fountains, first_ration, kb_lookout_dungeons_type,
          uniq_blork_the_orc, uniq_prince_ribbit1

Skill      XL: |  1  2  3  4  5  6 |
---------------+-------------------+-----
Axes           | 4 5 6 7 8 10 | 10.3
Fighting       | |  3.6
Armour         | |  2.4
Dodging        | |  2.1

Action                   |  1- 3 |  4- 6 |  7- 9 || total
-------------------------+-------+-------+-------++-------
Melee: Hand axe          |   106 |   119 |    36 ||   261
       Headbutt          |    13 |    25 |    19 ||    57
Invok: Trog's Hand       |       |     1 |       ||     1
  Use: Scroll            |     6 |     4 |       ||    10
       Potion            |     1 |       |       ||     1
 Stab: Sleeping          |     1 |       |       ||     1
  Eat: Chunk             |     3 |     6 |     1 ||    10
Armor: Animal skin       |    11 |       |       ||    11
       Leather armour    |     8 |     8 |       ||    16
       Scale mail        |       |    23 |     6 ||    29
Dodge: Dodged            |    63 |    67 |    12 ||   142
